 Dungeon Crawl Stone Soup version 0.19-a0-1899-g2d93087 (webtiles) character file.

32 Psiweapon the Vexing (level 3, 0/21 HPs)
             Began as an Octopode Enchanter on Oct 20, 2016.
             Was an Initiate of Dithmenos.
             Slain by a giant cockroach (1 damage)
             ... on level 5 of the Dungeon.
             The game lasted 00:06:30 (1653 turns).

Psiweapon the Vexing (Octopode Enchanter)           Turns: 1653, Time: 00:06:31

Health: 0/21       AC:  1    Str:  7    XL:     3   Next: 27%
Magic:  6/6        EV: 13    Int: 17    God:    Dithmenos [......]
Gold:   4          SH:  0    Dex: 13    Spells: 3 memorised, 0 levels left

rFire  . . .     SeeInvis .     a - +1 dagger
rCold  . . .     Gourm    .     (no shield)
rNeg   . . .     Faith    .     (helmet restricted)
rPois  .         Spirit   .     (no amulet)
rElec  .         Reflect  .     (no ring)
rCorr  .         Harm     .     (no ring)
MR     .....                    (no ring)
Stlth  ++++......               (no ring)
                                (no ring)
                                (no ring)
                                (no ring)
                                (no ring)

@: no status effects
A: almost no armour, stealthy swim, amphibious, 8 rings, constrict 8, camouflage
1, gelatinous body 1
a: Renounce Religion


You were on level 5 of the Dungeon.
You worshipped Dithmenos.
Dithmenos was noncommittal.
You were not hungry.

You visited 2 branches of the dungeon, and saw 6 of its levels.

You collected 4 gold pieces.

Inventory:

Hand Weapons
 a - a +1 dagger (weapon)
 n - a +0 whip
 r - a +0 war axe
Missiles
 d - 43 stones (quivered)
 k - 10 poisoned needles
Jewellery
 e - an uncursed ring of positive energy {unknown}
Scrolls
 f - 2 scrolls of identify {unknown}
 h - 2 scrolls of random uselessness {unknown}
 i - 2 scrolls of amnesia {unknown}
 j - a scroll of recharging {unknown}
 l - 2 scrolls of teleportation {unknown}
 m - a scroll of immolation {unknown}
 o - 2 scrolls of remove curse {unknown}
 t - a scroll of noise {unknown}
 u - a scroll of fear {unknown}
Potions
 g - a potion of degeneration {unknown}
 q - a potion of heal wounds {unknown}
 s - a potion of flight {unknown}
Books
 b - a book of Maledictions

   Spells                             Type                      Level
   a - Corona                         Hexes                        1
   b - Ensorcelled Hibernation        Hexes/Ice                    2
   c - Confuse                        Hexes                        3
   d - Tukima's Dance                 Hexes                        3
   e - Dazzling Spray                 Conjuration/Hexes            3
Comestibles
 c - a meat ration


   Skills:
 - Level 1.0 Short Blades
 - Level 2.0 Dodging
 + Level 4.1 Stealth
 + Level 2.0 Spellcasting
 - Level 4.2 Hexes


You couldn't memorise any spells.
You knew the following spells:

 Your Spells              Type           Power        Failure   Level  Hunger
a - Corona                Hex            ###....      3%          1    #......
b - Ensorcelled Hibernat  Hex/Ice        #.....       14%         2    ###....
c - Dazzling Spray        Conj/Hex       #.....       24%         3    ###....


Dungeon Overview and Level Annotations

Branches:
Dungeon (5/15)             Temple (1/1) D:5

Altars:
Ashenzari
Cheibriados
Dithmenos
Gozag
Hepliaklqana
Kikubaaqudgha
Nemelex Xobeh
Okawaru
Qazlal
Ru
Sif Muna
Trog
Uskayaw
Xom
Yredelemnul
Zin


Innate Abilities, Weirdness & Mutations

You cannot wear most types of armour.
You are very stealthy in the water. (Stealth+)
You are amphibious.
You can wear up to eight rings at the same time.
You can use your tentacles to constrict eight enemies at once.
Your skin changes colour to match your surroundings (Stealth+).
Your rubbery body absorbs attacks. (AC +1, EV +1)


Message History

The centaur zombie barely misses you. The giant cockroach bites you.
The centaur zombie closely misses you. The giant cockroach closely misses you.
There is a staircase to the Ecumenical Temple here.
You hit the centaur zombie. You squeeze the centaur zombie!
The centaur zombie is moderately damaged.
The centaur zombie hits you. The giant cockroach bites you.
The giant cockroach barely misses you. The worm bites you.
The centaur zombie hits you!
A worker ant comes into view.
The leopard gecko bites you.
A giant cockroach comes into view.
The giant cockroach bites you but does no damage.
The leopard gecko closely misses you.
A howler monkey comes into view.
Found a stone staircase leading down.
A shadow imp comes into view.
The worker ant bites you.
* * * LOW HITPOINT WARNING * * *
The giant cockroach bites you.
You die...

#>.........
#..........
#.........
##........
#lO......
#hw......
##a.Z.5...
######ss.......
#....@.#...###.
#...h....#..#
#.......###...
#..>...## ....
#....... ...
#........ ..
#........
#..)..#...


You could see an ogre, a worm, a howler monkey, a hound, a worker ant, a shadow
imp, a centaur zombie and 2 giant cockroaches.

Vanquished Creatures
  An ooze (D:3)
  A dart slug (D:2)
  3 bats (D:1)
  A giant cockroach (D:1)
  3 goblins (D:1)
  6 hobgoblins (D:1)
  4 kobolds (D:1)
  4 rats (D:1)
23 creatures vanquished.

Notes
Turn   | Place    | Note
-------+----------+-------------------------------------------
     0 | D:1      | Psiweapon the Octopode Enchanter began the quest for the Orb.
     0 | D:1      | Reached XP level 1. HP: 11/11 MP: 3/3
   502 | D:1      | Reached XP level 2. HP: 17/17 MP: 5/5
   506 | D:1      | Learned a level 2 spell: Ensorcelled Hibernation
  1155 | D:1      | Reached XP level 3. HP: 21/21 MP: 6/6
  1167 | D:1      | Learned a level 3 spell: Dazzling Spray
  1461 | D:2      | Found a sparkling altar of Nemelex Xobeh.
  1559 | D:5      | Entered Level 5 of the Dungeon
  1559 | D:5      | Found a staircase to the Ecumenical Temple.
  1567 | Temple   | Entered the Ecumenical Temple
  1632 | Temple   | Became a worshipper of Dithmenos the Shadowed
  1644 | D:5      | Noticed an ogre
  1651 | D:5      | HP: 1/21 [worker ant (6)]
  1653 | D:5      | Slain by a giant cockroach

Vault maps used:
D:1:      dpeg_arrival_simpleton_a
D:2:      amethyst_killhole, eino_tiny_chamber, st_stairs_4, lemuel_statue_altar
D:3:      first_bread
D:4:      corexii_hall_statues_l, serial_bayou_pond_d, uniq_blork_the_orc
D:5:      enter_ossuary_2, led_sif_pool
Temple:   compressed_dpeg_circular_temple

Skill      XL: |  1  2 |
---------------+-------+-----
Hexes          | 4 |  4.2
Short Blades   | |  1.0
Dodging        | |  2.0
Stealth        | |  4.1
Spellcasting   | |  2.0

Action                   || total
-------------------------++-------
Melee: Dagger            ||    40
       Constrict         ||     7
       Tentacles         ||     5
 Cast: Corona            ||     5
       Ensorcelled Hiber ||     5
       Dazzling Spray    ||     1
 Stab: Sleeping          ||    12
       Distracted        ||     1
  Eat: Bread ration      ||     1
Armor: Skin              ||     5
Dodge: Dodged            ||    26
